 Dungeon Crawl Stone Soup version 0.17-a0-1497-g03599f7 (webtiles) character file.

806 urechis the Skirmisher (level 7, -4/60 HPs)
             Began as a Demonspawn Gladiator on July 6, 2015.
             Was an Initiate of Ru.
             Slain by Grinder (5 damage)
             ... on level 5 of the Dungeon.
             The game lasted 00:13:05 (5282 turns).

urechis the Skirmisher (Demonspawn Gladiator)       Turns: 5282, Time: 00:13:08

Health: -4/60      AC:  6    Str: 17    XL:     7   Next: 60%
Magic:  7/7        EV: 18    Int:  9    God:    Ru [......]
Gold:   262        SH:  0    Dex: 19    Spells: 0 memorised, 6 levels left

rFire  + . .     SeeInvis .     a - +0 long sword
rCold  + . .     Clarity  .     s - +0 leather armour
rNeg   . . .     SustAt   .     (no shield)
rPois  .         Gourm    +     c - +0 helmet
rElec  .         Spirit   .     (no cloak)
rCorr  .         Warding  .     (no gloves)
rMut   .         Stasis   .     (no boots)
MR     .....                    i - amulet of the gourmand
Stlth  ++........               o - ring of protection from cold
                                u - ring of protection from fire

@: agile, not resistant to hostile enchantments, unstealthy
A: rugged brown scales 2, powered by death 2, powered by pain 1
a: Renounce Religion


You were on level 5 of the Dungeon.
You worshipped Ru.
Ru was noncommittal.
You were very full.

You visited 2 branches of the dungeon, and saw 6 of its levels.
You also visited: Ossuary.

You collected 262 gold pieces.

Inventory:

Hand weapons
 a - a +0 long sword (weapon)
 b - a +0 blowgun
Missiles
 d - 3 throwing nets (quivered)
 t - 23 poisoned needles
Armour
 c - a +0 helmet (worn)
 s - a +0 leather armour (worn)
Jewellery
 i - an amulet of the gourmand (around neck)
 o - a ring of protection from cold (right hand)
 u - a ring of protection from fire (left hand)
Scrolls
 f - 2 scrolls of teleportation {unknown}
 g - a scroll of magic mapping {unknown}
 j - 2 scrolls of remove curse {unknown}
 k - 3 scrolls of identify {unknown}
 l - 2 scrolls of fear {unknown}
 m - 4 scrolls of recharging {unknown}
 p - 2 scrolls of enchant weapon {unknown}
 y - 2 scrolls of noise {unknown}
Potions
 n - a potion of ambrosia {unknown}
 r - a potion of mutation {unknown}
 v - a potion of magic {unknown}
 x - 2 potions of resistance {unknown}
 z - a potion of poison {unknown}
Comestibles
 e - 5 bread rations
 h - a royal jelly
 q - 3 meat rations
 A - 10 fruits


   Skills:
 + Level 6.2 Fighting
 + Level 6.2 Long Blades
 - Level 1.7 Throwing
 - Level 2.6 Dodging


You had 6 spell levels left.
You didn't know any spells.

Dungeon Overview and Level Annotations

Branches:
Dungeon (5/15)             Temple (1/1) D:4

Altars:
Ashenzari
Cheibriados
Fedhas
Gozag
Kikubaaqudgha
Makhleb
Nemelex Xobeh
Qazlal
Ru
Trog
Vehumet
Xom
Yredelemnul
Zin

Shops:
D:4 %

Annotations:
D:5 Grinder


Innate Abilities, Weirdness & Mutations

You are mostly covered in rugged brown scales (AC +2, +5% HP).
You regenerate health from kills.
You sometimes gain a little power by taking damage.


Message History

Grinder blinks!
Grinder is nearby!
Grinder barely misses you.
You barely miss Grinder.
Grinder is almost dead.
Grinder hits you.
* * * LOW HITPOINT WARNING * * *
You writhe in agony.
* * * LOW HITPOINT WARNING * * *
You hit Grinder.
Grinder is almost dead.
Grinder closely misses you.
You hit Grinder.
Grinder is almost dead.
Grinder hits you!
* * * LOW HITPOINT WARNING * * *
You focus on the pain.
You feel agile all of a sudden.
You writhe in agony.
You die...

########## #..5.....#
#.######.# #.# #.# #=#
#.# #.# #.# ### #.#
###@#### #..
#.####...5..# #..
#.##........# #..
#.##........# ###..
#.##........#########....
#.##....>...........'....
#(##.......##########...#
#..........###### #####
###.####.........


You could see Grinder.

Vanquished Creatures
  Menkaure (D:5)
  An elf zombie (Ossuary)
  2 hounds
  2 centaur zombies (Ossuary)
  2 orc wizards (D:4)
  A giant frog skeleton (D:5)
  2 orc priests (D:4)
  A crimson imp (D:5)
  3 worker ants (D:5)
  A big kobold zombie (Ossuary)
  2 mummies (Ossuary)
  A worker ant zombie (D:5)
  5 adders
  2 shadow imps
  An ooze (D:3)
  An adder zombie (Ossuary)
  2 worms
  3 giant geckos
  9 orcs
  11 goblins
  6 hobgoblins
  5 jackals
  14 kobolds
  A quokka (D:5)
  5 bats
  8 giant cockroaches
  A giant gecko zombie (D:5)
  10 giant newts
  A goblin zombie (Ossuary)
  13 hobgoblin zombies (Ossuary)
  A jackal zombie (Ossuary)
  9 kobold zombies (Ossuary)
  7 orc zombies (Ossuary)
  14 rats
  A rat zombie (Ossuary)
149 creatures vanquished.

Notes
Turn   | Place    | Note
--------------------------------------------------------------
     0 | D:1      | urechis the Demonspawn Gladiator began the quest for the Orb.
     0 | D:1      | Reached XP level 1. HP: 16/16 MP: 1/1
    77 | D:1      | Reached skill level 3 in Long Blades
   116 | D:1      | Gained mutation: You are partially covered in rugged brown scales (AC +1, +3% HP). [demonic ancestry]
   116 | D:1      | Reached XP level 2. HP: 10/23 MP: 2/2
   996 | D:2      | Gained mutation: You sometimes gain a little power by taking damage. [demonic ancestry]
   996 | D:2      | Reached XP level 3. HP: 28/28 MP: 3/3
  2468 | D:3      | Gained mutation: You are mostly covered in rugged brown scales (AC +2, +5% HP). [demonic ancestry]
  2468 | D:3      | Reached XP level 4. HP: 15/36 MP: 4/4
  3167 | D:4      | Reached skill level 4 in Long Blades
  3187 | D:4      | HP: 1/37 [rat (2)]
  3423 | D:4      | Found Fiherchur's Food Shop.
  3550 | D:4      | Gained mutation: You regenerate a little health from kills. [demonic ancestry]
  3550 | D:4      | Reached XP level 5. HP: 11/44 MP: 5/5
  3598 | D:4      | Reached XP level 6. HP: 45/51 MP: 6/6
  3705 | D:4      | Found a staircase to the Ecumenical Temple.
  3832 | D:4      | Found a sand-covered staircase.
  3836 | Ossuary  | Entered an ossuary
  4000 | Ossuary  | Reached skill level 5 in Long Blades
  4087 | Ossuary  | Reached skill level 5 in Fighting
  4259 | Temple   | Entered the Ecumenical Temple
  4501 | Temple   | Became a worshipper of Ru the Awakened
  4539 | D:5      | Entered Level 5 of the Dungeon
  4702 | D:5      | Found a blossoming altar of Fedhas.
  4711 | D:5      | Gained mutation: You regenerate health from kills. [demonic ancestry]
  4711 | D:5      | Reached XP level 7. HP: 51/58 MP: 7/7
  4818 | D:5      | Noticed Menkaure
  4828 | D:5      | Killed Menkaure
  4863 | D:5      | Reached skill level 6 in Fighting
  5173 | D:5      | Noticed Grinder
  5205 | D:5      | Paralysed by Grinder for 3 turns
  5220 | D:5      | Paralysed by Grinder for 5 turns
  5257 | D:5      | Paralysed by Grinder for 2 turns
  5282 | D:5      | HP: 1/60 [Grinder (9)]
  5282 | D:5      | Slain by Grinder

Vault maps used:
D:1:      eino_arrival_druids_welcome
D:3:      serial_glass, glass_columns_a, glass_columns_c
D:4:      minmay_temple_entry_glassed_door, nicolae_ossuary_entry_plus,
          serial_shops, shop, first_bread, st_stairs_5
D:5:      fedhas_altar_fruit_tree, uniq_menkaure, uniq_grinder
Temple:   minmay_temple_curvy_14
Ossuary:  ossuary_tomb_1

Action                   |  1- 3 |  4- 6 |  7- 9 || total
-------------------------+-------+-------+-------++-------
Melee: Long sword        |   224 |   324 |    92 ||   640
  Use: Potion            |       |     4 |     3 ||     7
 Stab: Sleeping          |       |     1 |       ||     1
  Eat: Chunk             |    10 |    10 |     2 ||    22
